 Dungeon Crawl Stone Soup version 0.31.0-12-g77e489cdc1 (webtiles) character file.

Game seed: 11700093003981456404

52 Killerpretzel the Changeling (level 3, 0/24 HPs)
             Began as an Octopode Shapeshifter on Mar 2, 2024.
             Slain by a goblin
             ... wielding a +0 club
              (5 damage)
             ... on level 2 of the Dungeon.
             The game lasted 00:01:34 (1284 turns).

Killerpretzel the Changeling (OpSh)                 Turns: 1284, Time: 00:01:35

Health: 0/24       AC:  1    Str: 13    XL:     3   Next: 85%
Magic:  3/3        EV: 13    Int: 12    God:
Gold:   143        SH:  0    Dex: 13    Spells: 2/2 levels left

rFire   . .          .
                       - Unarmed
rCold   . . .        (no shield)
rNeg    . . .        (helmet currently unavailable)
rPois   .            e - amulet of the acrobat
rElec   .            (no ring)
rCorr   .            (no ring)
SInv    .            (no ring)
Will    .....        (no ring)
Stlth   ++           (no ring)
HPRegen 0.24/turn    (no ring)
MPRegen 0.08/turn    (no ring)
                     (no ring)

%: acrobat
@: lethally poisoned (0 -> -2), beast-form
A: beast (slay +2), almost no armour, amphibious, 8 rings, camouflage 1,
gelatinous body 1, (nimble swimmer 1), tentacles
a: Begin Untransformation


You were on level 2 of the Dungeon.
You were a hulking beast.
You visited 1 branch of the dungeon, and saw 2 of its levels.

You collected 143 gold pieces.

Inventory:

Jewellery
 e - an amulet of the acrobat (around mantle)
Talismans
 b - a beast talisman
 c - a flux talisman
 d - a dragon-blood talisman
Scrolls
 f - 2 scrolls of fear
 g - a scroll of enchant armour
 i - a scroll of identify
 j - a scroll of revelation {unknown}
Potions
 a - a potion of lignification
 h - a potion of ambrosia
 k - a potion of berserk rage {unknown}


   Skills:
 + Level 1.7 Fighting
 + Level 2.4 Dodging
 + Level 3.3 Unarmed Combat
 * Level 3.6 Shapeshifting


You had 2 spell levels left.
You didn't know any spells.
Your spell library was empty.

Dungeon Overview and Level Annotations

Branches:
Dungeon (2/15)

Altars:


Innate Abilities, Weirdness & Mutations

You are a hulking beast.
Your limbs bulge with bestial killing power. (Slay +2)
You cannot wear most types of armour.
You are amphibious.
You can wear up to eight rings at the same time.
Your skin changes colour to match your surroundings (Stealth+).
Your rubbery body absorbs attacks. (AC +1, EV +1)
((You are camouflaged when in or above water. (Stealth+)))
You have tentacles for arms and can constrict up to eight enemies at once.


Message History

The adder closely misses you. The kobold hits you with a +0 club.
You are too injured to fight recklessly!
You are too injured to fight recklessly!
You are too injured to fight recklessly!
You are too injured to fight recklessly!
There are monsters nearby!
You are too injured to fight recklessly!
You are too injured to fight recklessly!
You are too injured to fight recklessly!
You are too injured to fight recklessly!
You are too injured to fight recklessly!
You are too injured to fight recklessly!
You are too injured to fight recklessly!
You are too injured to fight recklessly!
You are too injured to fight recklessly!
You are too injured to fight recklessly!
There are monsters nearby!
You closely miss the ball python. You grab the ball python.
You constrict the ball python. You constrict the adder.
The ball python barely misses you. The ball python completely misses you.
The adder bites you. The kobold misses you.
You bludgeon the ball python!
You kill the ball python!
You constrict the adder. The adder bites you.
You tentacle-slap the kobold but do no damage.
You grab the kobold.
You constrict the kobold, but do no damage.
You constrict the adder. The adder bites you.
You are poisoned.
The adder poisons you! The kobold misses you. The adder barely misses you.
You tentacle-slap the kobold but do no damage.
You squeeze the kobold.
You kill the kobold!
You constrict the adder.
You feel sick. The goblin hits you with a +0 club. The adder bites you.
* * * LOW HITPOINT WARNING * * *
You closely miss the goblin. Your grab misses the goblin.
You constrict the adder, but do no damage.
You feel sick. The goblin hits you with a +0 club.
You die...

#.###.##............
# #...#.###....#..
###....###......
##....##......
##...........
##..........
#..>.......
######.........
#...>).h......$
..####g)S......
#.........
.(........
....####... .....#
### ....... .......#


You could see an adder and a goblin.

Vanquished Creatures
  An adder (D:2)
  A gnoll (D:1)
  A dart slug (D:1)
  5 endoplasms
  3 giant cockroaches (D:1)
  A goblin (D:2)
  2 hobgoblins (D:2)
  A quokka (D:1)
  2 ball pythons (D:2)
  4 bats
  3 frilled lizards (D:1)
  5 kobolds
  A rat (D:1)
30 creatures vanquished.

Notes
Turn   | Place    | Note
-------+----------+-------------------------------------------
     0 | D:1      | Killerpretzel the Octopode Shapeshifter began the quest for
                  | the Orb.
     0 | D:1      | Reached XP level 1. HP: 13/13 MP: 1/1
    60 | D:1      | Reached XP level 2. HP: 11/18 MP: 2/2
   452 | D:1      | Reached XP level 3. HP: 23/23 MP: 3/3
  1284 | D:2      | Slain by a goblin

Illustrated notes

Levels and vault maps discovered:
D:1:      dpeg_arrival_concentric_ovals, layout_basic, serial_bayou,
          serial_bayou_lake_a, serial_bayou_pond_c, serial_bayou_pond_b,
          serial_bayou_pond_e, bh_walls_and_bars
D:2:      layout_rooms, minmay_split_cup_large

Action                     || total
---------------------------++-------
  Melee: Unarmed           ||    59
         Tentacles         ||     8
         Constrict         ||    15
         Punch             ||     1
    Use: Scroll            ||     3
   Stab: Sleeping          ||     4
 Armour: Skin              ||    35
  Dodge: Dodged            ||    44
